Map: Ascension to Aiur LE

Players

Minatoeh (Minato) - Winner!

  • Race: Zerg Zerg
  • League: Master
  • Spawn Location: 5:00

Namshar

  • Race: Zerg Zerg
  • League: Master
  • Spawn Location: 11:00

Event: WESG Barcelona European Finals 2017

VOD

Have the link to the VOD?

Description

Time

  • Played on: Nov. 23, 2017, 5:33 a.m.
  • Length: 5:49

All games in this series

Show
View Real Time Build Order
Export as new Build Order

Minatoeh Zerg - Winner!

Build Orders: 1 Base Baneling Bust, Pool Only, Zergling Baneling 

Get SALT Encoding   

  12  0:00  Drone  
  13  0:11  Extractor  
  12  0:25  Spawning Pool  
  11  0:29  Drone  
  11  0:33  Drone  
  13  0:40  Drone  
  14  0:52  Overlord  
  14  1:11  Zergling x2  
  14  1:12  Metabolic Boost  
  15  1:20  Queen  
  17  1:25  Zergling x2  
  18  1:35  Baneling Nest  
  17  1:41  Zergling x2  
  17  1:44  Zergling x2  
  19  1:51  Zergling x2  
  21  1:54  Zergling x2  
  21  2:08  Overlord  
  21  2:17  Zergling x2  
  21  2:20  Baneling x3  
  21  2:21  Baneling  
  22  2:29  Zergling x4  
  24  2:34  Zergling x2  
  25  2:38  Zergling x2  
  25  2:43  Zergling x2  
  25  3:00  Zergling x6  
  25  3:04  Zergling x2  
  27  3:09  Zergling x2  
  27  3:13  Baneling  
  27  3:14  Baneling  
  27  3:17  Baneling  
  26  3:23  Zergling x2  
  26  3:24  Baneling  
  27  3:27  Baneling  
  24  3:39  Zergling x4  
  25  3:49  Zergling x4  
  25  3:53  Zergling x2  
  26  3:58  Zergling x2  
  23  4:05  Zergling x2  
  23  4:25  Baneling x5  
  23  4:33  Zergling x4  
  23  4:38  Zergling x2  
  23  4:44  Zergling x2  
  21  4:53  Zergling x4  
  22  5:02  Zergling x2  
  22  5:07  Baneling x3  
  23  5:09  Zergling x2  
  24  5:18  Zergling x2  
  25  5:28  Zergling x2  
Show
View Real Time Build Order
Export as new Build Order

Namshar Zerg 

Build Orders: Hatch First 

Get SALT Encoding   

  12  0:00  Drone  
  13  0:12  Overlord  
  13  0:16  Drone  
  14  0:30  Drone x2  
  14  0:34  Drone  
  17  0:51  Hatchery  
  17  0:54  Drone  
  17  0:57  Drone  
  17  1:03  Extractor  
  17  1:12  Spawning Pool  
  17  1:15  Drone  
  17  1:18  Drone  
  18  1:28  Drone  
  19  1:38  Overlord  
  19  1:59  Zergling x2, Queen  
  19  2:00  Zergling x2  
  23  2:02  Queen  
  23  2:03  Metabolic Boost  
  23  2:06  Zergling x2  
  26  2:10  Drone  
  26  2:14  Drone  
  28  2:24  Baneling Nest  
  28  2:29  Drone x2  
  29  2:34  Spine Crawler  
  29  2:37  Zergling x4  
  29  2:43  Spine Crawler  
  29  2:55  Zergling x4  
  27  2:59  Zergling x2  
  27  3:08  Zergling x4  
  25  3:13  Queen  
  25  3:16  Baneling x2  
  25  3:17  Spine Crawler  
  26  3:25  Zergling x2  
  25  3:37  Zergling x4  
  25  3:38  Zergling x2  
  21  3:54  Zergling x4  
  11  4:03  Zergling x2  
  11  4:09  Baneling  
  12  4:21  Zergling x4  
  14  4:32  Zergling x4  
  13  4:52  Zergling x4  
  13  5:00  Zergling x2  
  13  5:01  Zergling x2  
  13  5:04  Baneling  
  15  5:09  Zergling x2  
  16  5:17  Zergling x2  
Tags
 
Add a new tag
Caveats
  • Supply blocks, unpowered buildings, or Contaminate may cause inaccurate times.
  • Supply counts are checked every 10 seconds.